 Dungeon Crawl Stone Soup version 0.30-a0-359-gd0147acb1a (webtiles) character file.

Game seed: 9890721382980420536

86 DrillMeBaby the Shooter (level 4, -6/26 HPs)
             Began as a Kobold Hunter on Nov 11, 2022.
             Mangled by an iguana (9 damage)
             ... on level 2 of the Dungeon.
             The game lasted 00:04:44 (2385 turns).

DrillMeBaby the Shooter (Kobold Hunter)             Turns: 2385, Time: 00:04:44

Health: -6/26      AC:  3    Str:  8    XL:     4   Next: 78%
Magic:  4/4        EV: 14    Int: 16    God:
Gold:   136        SH:  0    Dex: 20    Spells: 3/3 levels left

rFire   + . .      SeeInvis .    a - +0 shortbow
rCold   . . .      Faith    .    (shield currently unavailable)
rNeg    . . .      Spirit   .    c - +0 leather armour
rPois   +          Reflect  .    (no helmet)
rElec   .          Harm     .    (no cloak)
rCorr   .          Rampage  .    (no gloves)
Will    .....                    (no boots)
Stlth   ++++......               (no amulet)
HPRegen 0.24/turn                l - ring of the Shrike {Fly rPois rF+ Int+6}
MPRegen 0.09/turn                (no ring)

@: flying
A: small, no large weapons, nightstalker 3
a: no special abilities


You were on level 2 of the Dungeon.
You visited 1 branch of the dungeon, and saw 3 of its levels.

You collected 136 gold pieces.

Inventory:

Hand Weapons
 a - a +0 shortbow (weapon)
 f - a +0 short sword
Missiles
 j - 4 poisoned darts
Armour
 c - a +0 leather armour (worn)
Jewellery
 l - the ring of the Shrike (left hand) {Fly rPois rF+ Int+6}
   (You found it on level 2 of the Dungeon)

   [ring of flight]

   Int:       It affects your intelligence (+6).
   rF:        It protects you from fire.
   rPois:     It protects you from poison.
   Fly:       It grants you flight.
Wands
 k - a wand of digging (4)
Scrolls
 b - a scroll of immolation
 e - a scroll of poison {unknown}
 g - 4 scrolls of identify {unknown}
 m - a scroll of magic mapping {unknown}
Potions
 h - a potion of heal wounds {unknown}
 i - a potion of lignification {unknown}


   Skills:
 - Level 2.1 Fighting
 + Level 6.6 Ranged Weapons
 - Level 2.4 Dodging
 + Level 4.3 Stealth


You had 3 spell levels left.
You didn't know any spells.
Your spell library contained the following spells:

 Spells                   Type           Power      Damage    Failure   Level
 Ozocubu's Armour         Ice            0%         N/A       73%         3
 Ozocubu's Refrigeration  Ice            0%         4d7       100%        7


Dungeon Overview and Level Annotations

Branches:
Dungeon (3/15)

Altars:


Innate Abilities, Weirdness & Mutations

You are small and have problems with some larger weapons.
You are completely attuned to the shadows.


Message History

The frilled lizard barely misses you. The iguana attacks as you move away!
The iguana barely misses you. The iguana attacks as you move away!
The iguana barely misses you. The iguana attacks as you move away!
The iguana closely misses you. The iguana attacks as you move away!
The iguana completely misses you. The iguana attacks as you move away!
The iguana misses you. The iguana attacks as you move away!
The iguana bites you!
* * * LOW HITPOINT WARNING * * *
It was a potion of ambrosia.
You are confused.
You feel invigorated. The iguana closely misses you.
You're too confused to move!
The iguana bites you!
* * * LOW HITPOINT WARNING * * *
The frilled lizard closely misses you.
You clumsily bash the iguana but do no damage.
The iguana is heavily wounded.
The iguana closely misses you.
The frilled lizard bites you but does no damage.
You clumsily bash the iguana but do no damage.
The iguana is heavily wounded.
You feel less invigorated.
You feel less confused. The iguana bites you!
Ouch! That really hurt!
The frilled lizard bites you. The iguana barely misses you.
The frilled lizard bites you.
* * * LOW HITPOINT WARNING * * *
The iguana barely misses you.
The frilled lizard attacks as you move away!
The frilled lizard bites you.
* * * LOW HITPOINT WARNING * * *
The iguana attacks as you move away! The iguana misses you.
The iguana attacks as you move away! The iguana barely misses you.
The iguana attacks as you move away! The iguana bites you.
* * * LOW HITPOINT WARNING * * *
The iguana attacks as you move away! The iguana bites you.
* * * LOW HITPOINT WARNING * * *
There is a stone staircase leading down here.
The iguana bites you!
You die...

#.............#..................
#.............##.................
#.............##.................
#........##......................
#........##.........#............
#................#####...........
#....#+####......#####...#.......
#####......#.#...#...............
................@ll..............
..........(...#....###...........
..............#....####.#####.#..
#####....##...##..............#..
#.......).................###
#............................
#####.............#..........#...
8........##........#...##...#.#..
.........##.........#..##..#..#.#


You could see an iguana and a frilled lizard.

Vanquished Creatures
  3 adders
  2 adder skeletons (D:2)
  2 adder zombies (D:2)
  A worm (D:2)
  2 dart slugs (D:1)
  An orc (D:2)
  5 endoplasms
  2 goblins (D:2)
  2 hobgoblins
  2 quokkas (D:2)
  2 ball pythons (D:2)
  8 bats
  3 frilled lizards
  3 kobolds
  5 rats
43 creatures vanquished.

Notes
Turn   | Place    | Note
-------+----------+-------------------------------------------
     0 | D:1      | DrillMeBaby the Kobold Hunter began the quest for the Orb.
     0 | D:1      | Reached XP level 1. HP: 12/12 MP: 1/1
   299 | D:1      | Reached XP level 2. HP: 17/17 MP: 2/2
   914 | D:1      | Reached XP level 3. HP: 21/21 MP: 3/3
  1215 | D:2      | Identified the ring of the Shrike {Fly rPois rF+ Int+6}
  1247 | D:2      | Reached skill level 6 in Ranged Weapons
  1603 | D:2      | Reached XP level 4. HP: 22/26 MP: 4/4
  2385 | D:2      | Mangled by an iguana

Illustrated notes

Levels and vault maps discovered:
D:1:      dpeg_arrival_court, layout_basic
D:2:      layout_basic, serial_undead, serial_undead_f, serial_undead_c,
          serial_undead_d, serial_undead_c, minivault_26
D:3:      layout_rooms, minmay_fractal_squares_5, uniq_crazy_yiuf_cottage

Skill      XL: |  1  2  3  4 |
---------------+-------------+-----
Stealth        | 2 3 4 |  4.3
Ranged Weapons | 6 |  6.6
Fighting       | |  2.1
Dodging        | |  2.4

Action                   |  1- 3 |  4- 6 || total
-------------------------+-------+-------++-------
Melee: Shortbow          |       |     2 ||     2
 Fire: Shortbow          |    73 |    50 ||   123
  Use: Potion            |       |     1 ||     1
Armor: Leather armour    |     7 |     5 ||    12
Dodge: Dodged            |    18 |    54 ||    72

Table legend: (Time is in decaauts)
 A = Elapsed time spent in this place.
 B = Non-inter-level travel time spent in this place.
 C = Inter-level travel time spent in this place.
 D = Time resting spent in this place.
 E = Time spent auto-exploring this place.
 F = Levels seen in this place.
 G = Mean time per level.
                   A        B        C        D        E       F      G
               +--------+--------+--------+--------+--------+-----+--------+
         Total |   2418 |   2302 |    116 |     74 |   1926 |   3 |  806.0 |
       Dungeon |   2418 |   2302 |    116 |     74 |   1926 |   3 |  806.0 |
               +--------+--------+--------+--------+--------+-----+--------+

Top non-repeatable levels by time:
     D:1: 1198 daAuts
     D:2: 1155 daAuts
     D:3: 65 daAuts
